 Dungeon Crawl Stone Soup version 0.19-a0-1889-g9c603be (webtiles) character file.

37 Dunking the Insei (level 3, -4/26 HPs)
             Began as a Merfolk Transmuter on Oct 10, 2016.
             Slain by Terence
             ... wielding a +3 vampiric trident
              (10 damage)
             ... on level 2 of the Dungeon on Oct 17, 2016.
             The game lasted 00:02:28 (1489 turns).

Dunking the Insei (Merfolk Transmuter)              Turns: 1489, Time: 00:02:29

Health: -4/26      AC:  2    Str: 11    XL:     3   Next: 41%
Magic:  6/6        EV: 13    Int: 12    God:
Gold:   54         SH:  0    Dex: 14    Spells: 1 memorised, 5 levels left

rFire  . . .     SeeInvis .       - Unarmed
rCold  . . .     Gourm    .     b - +0 robe
rNeg   . . .     Faith    .     (no shield)
rPois  .         Spirit   .     (no helmet)
rElec  .         Reflect  .     (no cloak)
rCorr  .         Harm     .     (no gloves)
MR     .....                    (no boots)
Stlth  +.........               (no amulet)
                                (no ring)
                                (no ring)

@: appendage (expiring), drained
A: change form in water, swift swim, stealthy swim, horns 2
a: End Transformation


You were on level 2 of the Dungeon.
You were very hungry.
You had grown temporary horns.
You visited 1 branch of the dungeon, and saw 2 of its levels.

You collected 54 gold pieces.

Inventory:

Missiles
 a - 48 arrows
 e - a throwing net (quivered)
Armour
 b - a +0 robe (worn)
Scrolls
 f - a scroll of immolation {unknown}
 g - a scroll of identify {unknown}
Books
 c - a book of Changes

   Spells                             Type                      Level
   a - Beastly Appendage              Transmutation                1
   b - Sticks to Snakes               Transmutation                2
   c - Spider Form                    Transmutation/Poison         3
   d - Ice Form                       Ice/Transmutation            4
   e - Blade Hands                    Transmutation                5
Comestibles
 d - a bread ration


   Skills:
 - Level 1.1(0.9) Fighting
 - Level 3.0(2.8) Dodging
 + Level 4.0(3.8) Unarmed Combat
 - Level 2.0(1.8) Spellcasting
 + Level 3.9(3.7) Transmutations


You had 5 spell levels left.
You knew the following spells:

 Your Spells              Type           Power        Failure   Level  Hunger
a - Beastly Appendage     Tmut           ##....       8%          1    ##.....


Dungeon Overview and Level Annotations

Branches:
Dungeon (2/15)

Altars:

Annotations:
D:2 Terence


Innate Abilities, Weirdness & Mutations

You revert to your normal form in water.
You are very nimble and swift while swimming.
You are very stealthy in the water. (Stealth+)
You have a pair of horns on your head.


Message History

* * * LOW HITPOINT WARNING * * *
Terence draws strength from your wounds!
You hit Terence but do no damage.
Your transformation is almost over.
Terence hits you but does no damage.
You hit Terence.
Terence is lightly wounded.
Terence barely misses you.
You barely miss Terence. You headbutt Terence.
Terence is moderately wounded.
Terence closely misses you.
You hit Terence but do no damage.
Terence is moderately wounded.
Terence hits you but does no damage.
You hit Terence but do no damage.
Terence is moderately wounded.
You hit Terence.
Terence is heavily wounded.
Terence hits you with a vampiric trident!
You die...

..
....###############
.............%....#
....###.....@####...#
. #<####@# . #<# .w.#
#.......# ....#
#.########....#
.....# ##....# #...?#


You could see Terence and a worm.

Vanquished Creatures
  A dart slug (D:1)
  A leopard gecko (D:1)
  7 hobgoblins (D:1)
  4 jackals (D:1)
  8 kobolds (D:1)
  2 frilled lizards (D:1)
  4 goblins (D:1)
  4 rats (D:1)
31 creatures vanquished.

Notes
Turn   | Place    | Note
-------+----------+-------------------------------------------
     0 | D:1      | Dunking the Merfolk Transmuter began the quest for the Orb.
     0 | D:1      | Reached XP level 1. HP: 15/15 MP: 3/3
     0 | D:1      | Upgraded the game from 0.19-a0-1851-g3228ea0 to 0.19-a0-1889-g9c603be
   433 | D:1      | Reached XP level 2. HP: 19/21 MP: 5/5
   830 | D:1      | Reached XP level 3. HP: 12/26 MP: 6/6
  1273 | D:1      | Reached skill level 4 in Unarmed Combat
  1472 | D:2      | Noticed Terence
  1489 | D:2      | Slain by Terence

Vault maps used:
D:1:      minmay_arrival_doors
D:2:      minmay_hexomino_f4, uniq_jessica, uniq_terence,
          uniq_crazy_yiuf_cottage

Skill      XL: |  1  2  3 |
---------------+----------+-----
Dodging        | 3 |  3.0
Transmutations | 3 |  3.9
Unarmed Combat | 4 |  4.0
Fighting       | |  1.1
Spellcasting   | |  2.0

Action                   || total
-------------------------++-------
Melee: Unarmed           ||   134
       Headbutt          ||     5
 Cast: Beastly Appendage ||     8
  Use: Potion            ||     1
  Eat: Chunk             ||     1
Armor: Robe              ||    12
Dodge: Dodged            ||    80
